 Dungeon Crawl Stone Soup version 0.18.1-48-g4cf74bf (webtiles) character file.

148 nikopol the Skirmisher (level 5, -1/70 HPs)
             Began as a Minotaur Berserker on July 10, 2016.
             Was a Priest of Trog.
             Killed by divine providence
             ... invoked by an orc priest
              (14 damage)
             ... on level 3 of the Dungeon.
             The game lasted 00:07:19 (2346 turns).

nikopol the Skirmisher (Minotaur Berserker)         Turns: 2346, Time: 00:07:21

Health: -1/70      AC:  9    Str: 26    XL:     5   Next: 8%
Magic:  4/4        EV:  9    Int:  4    God:    Trog [***...]
Gold:   87         SH:  0    Dex: 11    Spells: 0 memorised, 4 levels left

rFire  . . .     SeeInvis .     n - +0 trident
rCold  . . .     Gourm    .     k - +0 chain mail
rNeg   . . .     Faith    .     (no shield)
rPois  .         Spirit   .     (helmet restricted)
rElec  .         Dismiss  .     (no cloak)
rCorr  .         Reflect  .     (no gloves)
SustAt .         Harm     .     (no boots)
MR     .....                    l - amulet of inaccuracy (curse)
Stlth  ..........               (no ring)
                                (no ring)

@: berserking, very quick, not resistant to hostile enchantments, extremely
unstealthy
A: retaliatory headbutt, horns 2
a: Berserk, Trog's Hand, Burn Spellbooks, Renounce Religion


You were on level 3 of the Dungeon.
You worshipped Trog.
Trog was most pleased with you.
You were not hungry.

You visited 1 branch of the dungeon, and saw 3 of its levels.

You collected 87 gold pieces.

Inventory:

Hand Weapons
 a - a +0 spear
 n - a +0 trident (weapon)
Missiles
 i - 48 arrows (quivered)
Armour
 b - a +0 animal skin
 k - a +0 chain mail (worn)
Jewellery
 l - a cursed amulet of inaccuracy (around neck)
Scrolls
 e - 2 scrolls of teleportation {unknown}
 g - 3 scrolls of fog {unknown}
 h - 4 scrolls of identify {unknown}
Potions
 d - a potion of flight {unknown}
 f - a potion of heal wounds {unknown}
 m - 2 potions of haste {unknown}
 o - a potion of invisibility {unknown}
 p - 2 potions of agility {unknown}
 r - 3 potions of cure mutation {unknown}
Comestibles
 c - 2 bread rations
 j - a royal jelly
 q - 2 beef jerkies
 s - 2 chunks of flesh
 t - a meat ration


   Skills:
 + Level 4.7 Fighting
 + Level 4.4 Polearms
 + Level 4.1 Armour
 + Level 3.4 Dodging


You had 4 spell levels left.
You didn't know any spells.

Dungeon Overview and Level Annotations

Branches:
Dungeon (3/15)

Altars:
Makhleb
Ru
Trog
Zin


Innate Abilities, Weirdness & Mutations

You reflexively headbutt those who attack you in melee.
You have a pair of horns on your head.


Message History

The orc wizard flickers and vanishes!
Deactivating autopickup; reactivate with Ctrl-A.
The orc priest calls down the wrath of Beogh upon you.
Beogh smites you!
* * * LOW HITPOINT WARNING * * *
You are too injured to fight recklessly!
You are too injured to fight recklessly!
You are too injured to fight recklessly!
You are too injured to fight recklessly!
You miss something. Something hits you but does no damage.
You miss something. You headbutt something.
You feel the power of Trog in you as your rage grows.
Trog accepts your kill.
Trog appreciates your killing of a magic user.
Reactivating autopickup.
You have reached level 5!
You feel a bit more experienced.
The orc priest mumbles some strange prayers to Beogh against you.
Beogh smites you!
You die...

#####.......# #.....#
#.......# #.....#
#####.......####.....#
...............#.....#
.........##....#.....###
.........##....#.....'..
........)##....#o)...######
########.##....#o#........#
#.##....#@########.#
#.##....#.....# #.#
#.##..........# #.#
#.<'..........# #.#
####..........# #.#
###........# #<#
#........####.#
#.............#
#.........#####


You could see 2 orc priests.

Vanquished Creatures
  An orc wizard (D:3)
  4 adders
  An ooze (D:2)
  3 worms
  A giant gecko (D:2)
  An orc (D:3)
  2 ball pythons
  6 giant cockroaches
  5 goblins
  6 hobgoblins
  11 jackals
  8 kobolds
  A quokka (D:2)
  6 bats
  A giant newt (D:2)
  10 rats
67 creatures vanquished.

Notes
Turn   | Place    | Note
--------------------------------------------------------------
     0 | D:1      | nikopol the Minotaur Berserker began the quest for the Orb.
     0 | D:1      | Reached XP level 1. HP: 19/19 MP: 0/0
   427 | D:1      | Reached XP level 2. HP: 25/27 MP: 1/1
   849 | D:1      | Reached ** piety under Trog
   877 | D:1      | Reached XP level 3. HP: 33/33 MP: 2/2
  1134 | D:2      | Noticed a green death
  1135 | D:2      | Found a burning altar of Makhleb.
  1138 | D:2      | Found a glowing silver altar of Zin.
  1138 | D:2      | Noticed an angel
  1274 | D:2      | Noticed a moth of wrath
  1276 | D:2      | Found a bloodstained altar of Trog.
  1494 | D:2      | Reached XP level 4. HP: 38/40 MP: 3/3
  1637 | D:2      | Found a sacrificial altar of Ru.
  2205 | D:3      | Reached *** piety under Trog
  2346 | D:3      | Reached XP level 5. HP: 13/47 MP: 4/4
  2346 | D:3      | Killed from afar by an orc priest

Skill      XL: |  1  2  3  4 |
---------------+-------------+-----
Armour         | 3 4 |  4.1
Polearms       | 4 |  4.4
Fighting       | 4 |  4.7
Dodging        | 3 |  3.4

Action                   |  1- 3 |  4- 6 || total
-------------------------+-------+-------++-------
Melee: Spear             |    93 |       ||    93
       Headbutt          |    23 |    12 ||    35
       Trident           |    38 |   110 ||   148
Invok: Berserk           |       |     1 ||     1
 Stab: Sleeping          |     1 |       ||     1
  Eat: Chunk             |     2 |     3 ||     5
Armor: Animal skin       |    12 |       ||    12
       Chain mail        |    29 |    71 ||   100
Dodge: Dodged            |    49 |    47 ||    96
